 Dungeon Crawl Stone Soup version 0.31.0-4-g52a2dc7128 (webtiles) character file.

Game seed: 14586645410015024394

1597 Zeia the Trooper (level 9, -9/70 HPs)
             Began as a Djinni Ice Elementalist on Jan 23, 2024.
             Shot with a bolt by an orc warrior (20 damage)
             ... on level 6 of the Dungeon.
             The game lasted 00:23:12 (6353 turns).

Zeia the Trooper (Djinni Ice Elementalist)          Turns: 6353, Time: 00:23:13

Health: -9/70      AC:  5    Str:  6    XL:     9   Next: 15%
Gold:   193        EV: 12    Int: 20    God:
                   SH:  0    Dex: 18

rFire   + + .        c - +0 dagger
rCold   x . .        (no shield)
rNeg    . . .        a - +0 robe
rPois   ∞            (helmet restricted)
rElec   .            o - +1 cloak
rCorr   .            (no gloves)
SInv    .            (boots unavailable)
Will    .....        (no amulet)
Stlth   +            (no ring)
HPRegen 0.31/turn    (no ring)
MPRegen 0.00/turn

%: infuse magic (-10 HP)
@: confused, flying
A: sickness immunity, fire resistance 2, cold vulnerability 1, float, innate
caster, HP casting, extra vitality 1, antennae 1, agile 1, shaggy fur 1
a: no special abilities


You were on level 6 of the Dungeon.
You visited 1 branch of the dungeon, and saw 6 of its levels.
You also visited: Sewer.

You collected 193 gold pieces.

Inventory:

Hand Weapons
 c - a +0 dagger (weapon)
Armour
 a - a +0 robe (worn)
 o - a +1 cloak (worn)
Wands
 f - a wand of light (11)
 l - a wand of mindburst (19)
 n - a wand of polymorph (8)
Scrolls
 b - 4 scrolls of identify
 e - 3 scrolls of teleportation
 p - a scroll of immolation
Potions
 d - 3 potions of mutation
 g - a potion of enlightenment
 h - 6 potions of heal wounds
 i - 2 potions of brilliance {unknown}
 j - a potion of haste {unknown}
 m - a potion of cancellation {unknown}
 s - a potion of curing {unknown}


   Skills:
 + Level 7.8 Fighting
 - Level 2.1 Dodging
 - Level 1.5 Stealth
 + Level 6.9 Spellcasting
 + Level 6.9 Conjurations
 + Level 6.9 Hexes
 + Level 6.9 Summonings
 + Level 6.9 Necromancy
 + Level 6.9 Translocations
 + Level 6.9 Fire Magic
 + Level 6.9 Ice Magic
 + Level 6.9 Air Magic
 + Level 6.9 Earth Magic
 + Level 6.9 Alchemy


You knew the following spells:

 Your Spells              Type           Power      Damage    Failure   Level
a - Freeze                Ice            100%       1d10      1%          1
b - Frozen Ramparts       Ice            68%        1d11      1%          3
c - Ozocubu's Armour      Ice            34%        N/A       1%          3
d - Summon Ice Beast      Ice/Summ       34%        N/A       1%          3
e - Magic Dart            Conj           100%       1d8       1%          1
f - Scorch                Fire           68%        2d7       1%          2
g - Dazzling Flash        Conj/Hex       68%        N/A       1%          3
h - Inner Flame           Hex/Fire       34%        N/A       1%          3
Your spell library was empty.

Dungeon Overview and Level Annotations

Branches:
Dungeon (6/15)              Sewer (visited)
 Temple: D:4-7

Altars:
Xom

Shops:
D:5 :


Innate Abilities, Weirdness & Mutations

You are immune to sickness and miasma.
You are immune to poison.
Your flesh is very heat resistant. (rF++)
You are vulnerable to cold. (rC-)
You float through the air rather than walking.
You learn spells naturally, not from books.
Your magical power is your life essence.
You have superior vitality. (+4 MHP)
You have a pair of small antennae on your head.
You are agile. (Dex +4, Str/Int -1)
You are covered in fur. (AC +1)


Message History

Your ice beast hits the orc warrior but does no damage.
Something hits your ice beast.
The orc warrior unwields a +0 battleaxe.
The orc warrior wields a +0 arbalest.
The orc warrior shoots a bolt.
The bolt hits you.
* * * LOW HITPOINT WARNING * * *
Okay, then.
Casting: Magic Dart (safe; 1% risk of failure)
Confirm with . or Enter, or press ? or * to list all spells.
Casting: Dazzling Flash (safe; 1% risk of failure)
Press: ? - help, Dir - look around, f - activate
Okay, then.
Unknown command.
It was a potion of heal wounds.
You feel much better.
The orc warrior shoots a bolt.
The bolt hits your ice beast!!
Your ice beast dies!
Your ice beast disappears in a puff of smoke!
Casting: Dazzling Flash (safe; 1% risk of failure)
Confirm with . or Enter, or press ? or * to list all spells.
A chill wind blows around you. The orc wizard casts a spell at you.
You are confused.
The orc warrior shoots a bolt.
The bolt barely misses you.
You're too confused to cast spells.
You're too confused to cast spells.
Your ice beast hits the orc warrior but does no damage.
The orc warrior shoots a bolt.
The bolt closely misses you.
Your ice beast hits the orc warrior but does no damage.
The scorpion closely misses you.
The orc warrior shoots a bolt.
The bolt hits you!
* * * LOW HITPOINT WARNING * * *
Your ice beast barely misses the orc warrior.
The scorpion's inner flame fades away.
The scorpion stings you.
* * * LOW HITPOINT WARNING * * *
The orc warrior shoots a bolt.
The bolt hits you.
* * * LOW HITPOINT WARNING * * *
Your ice beast completely misses the orc warrior.
The scorpion closely misses you.
The orc warrior shoots a bolt.
The bolt hits you!!
You die...

#.##.........####.#.)#
..§...........# ##.#.#
.≈§≈≈≈.≈§≈≈≈.## #.#.#
.≈###§§§###§.# #.#.# §
#§§§# #≈.# #.#.#
≈§≈###≈§§###§.## #.#.#
§§≈§≈§≈.≈≈≈§§§.####.#.#
........s.Yooo§.....#.#
§.≈≈≈≈§.≈@§≈≈o#. ....#
≈.≈###≈.≈###≈.# ≈.≈
#≈.≈# ≈.# ≈ #≈.≈# ≈.#
§≈≈.≈≈ ≈o# §§§.§.. ..#
≈§≈§§§≈≈≈ §.# ≈###§.§##
≈..


You could see an orc warrior (inner flame, ally target), a scorpion, an orc
wizard, 2 orcs and a friendly ice beast (summoned).

Vanquished Creatures
  Grinder (D:5)
  Eustachio (D:6)
  A black bear (D:6)
  A centaur (D:5)
  A kobold brigand (Sewer)
  A bullfrog (D:6)
  2 brain worms (Sewer)
  A water moccasin zombie (D:4)
  2 hounds
  A jelly (D:4)
  An orc priest (D:5)
  4 iguanas
  Ijyb (D:4)
  A scorpion zombie (D:4)
  A hound zombie (D:4)
  3 gnolls (D:3)
  5 river rats (Sewer)
  9 adders
  2 white imps
  2 ufetubi (D:4)
  3 adder zombies (D:4)
  2 adder skeletons (D:4)
  2 ribbon worms
  A dart slug (D:3)
  7 orcs
  5 endoplasms
  3 giant cockroaches
  6 hobgoblins
  6 jackals
  5 quokkas
  4 ball pythons
  4 bats
  7 frilled lizards
  9 goblins
  9 kobolds
  A quokka skeleton (D:4)
  10 rats
125 creatures vanquished.

Vanquished Creatures (collateral kills)
  A water moccasin (D:5)
  A centaur (D:6)
  Terence (D:3)
  An orc (D:6)
4 creatures vanquished.

Grand Total: 129 creatures vanquished

Notes
Turn   | Place    | Note
-------+----------+-------------------------------------------
     0 | D:1      | Zeia the Djinni Ice Elementalist began the quest for the
                  | Orb.
     0 | D:1      | Zeia set off with the following spells memorised: Freeze,
                  | Frozen Ramparts, Ozocubu's Armour, Summon Ice Beast.
     0 | D:1      | Reached XP level 1. HP: 15/15 MP: 0/0
   263 | D:1      | Reached XP level 2. HP: 14/22 MP: 0/0
   336 | D:1      | Reached skill level 1 in Fighting
   603 | D:1      | Reached XP level 3. HP: 25/27 MP: 0/0
   603 | D:1      | Learned a level 1 spell: Magic Dart
  1085 | D:2      | Reached skill level 2 in Fighting
  1180 | D:2      | Reached XP level 4. HP: 29/33 MP: 0/0
  1388 | D:2      | Found a faded altar of an unknown god.
  1733 | D:3      | Found a glowing drain.
  1751 | D:3      | Reached XP level 5. HP: 29/40 MP: 0/0
  1751 | D:3      | Learned a level 2 spell: Scorch
  1756 | D:3      | Reached skill level 3 in Fighting
  1760 | Sewer    | Entered a sewer
  2084 | Sewer    | Noticed a brain worm
  2130 | Sewer    | Reached XP level 6. HP: 15/46 MP: 0/0
  2296 | Sewer    | Reached skill level 4 in Fighting
  2460 | Sewer    | Reached skill level 5 in Spellcasting
  2460 | Sewer    | Reached skill level 5 in Conjurations
  2460 | Sewer    | Reached skill level 5 in Hexes
  2460 | Sewer    | Reached skill level 5 in Summonings
  2460 | Sewer    | Reached skill level 5 in Necromancy
  2460 | Sewer    | Reached skill level 5 in Translocations
  2460 | Sewer    | Reached skill level 5 in Fire Magic
  2460 | Sewer    | Reached skill level 5 in Ice Magic
  2460 | Sewer    | Reached skill level 5 in Air Magic
  2460 | Sewer    | Reached skill level 5 in Earth Magic
  2460 | Sewer    | Reached skill level 5 in Alchemy
  2584 | Sewer    | Reached XP level 7. HP: 49/53 MP: 0/0
  2584 | Sewer    | Learned a level 3 spell: Dazzling Flash
  2744 | D:3      | Noticed Terence
  3080 | D:3      | Killed Terence
  3759 | D:4      | Reached skill level 5 in Fighting
  4503 | D:4      | Noticed Ijyb
  4517 | D:4      | Killed Ijyb
  4585 | D:4      | Reached XP level 8. HP: 50/61 MP: 0/0
  4878 | D:5      | Entered Level 5 of the Dungeon
  4911 | D:5      | Reached skill level 6 in Fighting
  4933 | D:5      | Noticed Grinder
  4937 | D:5      | Gained mutation: You are covered in fur. (AC +1) [potion of
                  | mutation]
  4937 | D:5      | Gained mutation: You are agile. (Dex +4, Str/Int -1)
                  | [potion of mutation]
  4937 | D:5      | Gained mutation: You have a pair of small antennae on your
                  | head. [potion of mutation]
  5169 | D:5      | Found Pucap's Book Shoppe.
  5386 | D:5      | Killed Grinder
  5912 | D:6      | Reached skill level 7 in Fighting
  6073 | D:6      | Reached XP level 9. HP: 62/68 MP: 0/0
  6073 | D:6      | Learned a level 3 spell: Inner Flame
  6124 | D:6      | Found a shimmering altar of Xom.
  6125 | D:6      | Found a shimmering altar of Xom.
  6125 | D:6      | Found a shimmering altar of Xom.
  6125 | D:6      | Found a shimmering altar of Xom.
  6126 | D:6      | Found a shimmering altar of Xom.
  6126 | D:6      | Found a shimmering altar of Xom.
  6128 | D:6      | Found a shimmering altar of Xom.
  6235 | D:6      | Noticed Eustachio
  6247 | D:6      | Killed Eustachio
  6353 | D:6      | Shot with a bolt by an orc warrior

Illustrated notes

Levels and vault maps discovered:
D:1:      minmay_arrival_four_circles, layout_basic
D:2:      layout_basic, serial_corexii_hall, corexii_hall_statues_i,
          corexii_hall_statues_deadend, ebering_ecumenical_altar_mist
D:3:      layout_basic, serial_curves, eino_curves_04, eino_curves_02,
          eino_curves_02, gup_sewer_entry_glass, minmay_misc_feat_chi,
          uniq_terence
D:4:      layout_cave_pools, serial_undead, serial_undead_d, serial_undead_e,
          serial_undead_a, serial_undead_b, st_stairs_10, uniq_ijyb
D:5:      layout_loops_cross, serial_shops, shop,
          chequers_serial_rivers_large_a, uniq_grinder
D:6:      layout_loops_ring, xom_redecorated, amethyst_killhole,
          kennysheep_boxes, uniq_eustachio

Skill      XL: |  1  2  3  4  5  6  7  8 |
---------------+-------------------------+-----
Fighting       | 1 2 3 4 5 7 |  7.8
Spellcasting   | 4 5 6 |  6.9
Conjurations   | 4 5 6 |  6.9
Hexes          | 4 5 6 |  6.9
Summonings     | 4 5 6 |  6.9
Necromancy     | 4 5 6 |  6.9
Translocations | 4 5 6 |  6.9
Fire Magic     | 4 5 6 |  6.9
Ice Magic      | 4 5 6 |  6.9
Air Magic      | 4 5 6 |  6.9
Earth Magic    | 4 5 6 |  6.9
Alchemy        | 4 5 6 |  6.9
Dodging        | |  2.1
Stealth        | |  1.5

Action                     |  1- 3 |  4- 6 |  7- 9 || total
---------------------------+-------+-------+-------++-------
  Melee: Dagger            |    27 |     7 |    20 ||    54
   Cast: Freeze            |    38 |    32 |    16 ||    86
         Magic Dart        |    15 |    65 |    68 ||   148
         Scorch            |       |     5 |    79 ||    84
         Summon Ice Beast  |       |       |    11 ||    11
         Dazzling Flash    |       |       |     2 ||     2
         Inner Flame       |       |       |     4 ||     4
    Use: Scroll            |       |     1 |     5 ||     6
         Potion            |       |     1 |     3 ||     4
   Stab: Distracted        |       |       |     1 ||     1
 Armour: Robe              |    29 |    20 |    90 ||   139
  Dodge: Dodged            |    40 |    21 |    67 ||   128
